 Dungeon Crawl Stone Soup version 0.26-a0-53-g45f243fec8 (webtiles) character file.

Game seed: 1535499715724194848

212 Nixze the Skirmisher (level 5, -4/42 HPs)
             Began as a Mummy Berserker on June 7, 2020.
             Was a Believer of Trog.
             Slain by an ogre
             ... wielding a +0 giant club
              (25 damage)
             ... on level 3 of the Dungeon.
             The game lasted 00:08:11 (3395 turns).

Nixze the Skirmisher (Mummy Berserker)              Turns: 3395, Time: 00:08:12

Health: -4/42      AC: 13    Str: 22    XL:     5   Next: 58%
Magic:  5/5        EV:  8    Int:  6    God:    Trog [**....]
Gold:   167        SH:  0    Dex: 11    Spells: 4/4 levels left

rFire    x . .     SeeInvis .   g - +0 flail (protect)
rCold    + . .     Gourm    .   (no shield)
rNeg     + + +     Faith    .   b - +0 chain mail
rPois    ∞         Spirit   .   (no helmet)
rElec    .         Reflect  .   p - +1 cloak
rCorr    +         Harm     .   i - +1 pair of gloves
MR       .....                  (no boots)
Stlth    ..........             (no amulet)
HPRegen  0.14/turn              o - ring of resist corrosion
MPRegen  0.09/turn              (no ring)

@: no status effects
A: no food or potions, fire vulnerability, cold resistance 1, negative energy
resistance 3, torment resistance, unbreathing
a: Trog's Hand, Renounce Religion


You were on level 3 of the Dungeon.
You worshipped Trog.
Trog was pleased with you.
You were not hungry.

You visited 1 branch of the dungeon, and saw 4 of its levels.

You collected 167 gold pieces.

Inventory:

Hand Weapons
 g - a +0 flail of protection (weapon)
Missiles
 c - 39 stones
 e - 16 poisoned darts (quivered)
 h - 5 boomerangs
 l - 5 datura-tipped darts
Armour
 b - a +0 chain mail (worn)
 i - a +1 pair of gloves (worn)
 p - a +1 cloak (worn)
Jewellery
 o - a ring of resist corrosion (left hand)
Scrolls
 a - 2 scrolls of enchant armour {unknown}
 d - a scroll of magic mapping {unknown}
 f - a scroll of teleportation {unknown}
 j - 2 scrolls of remove curse
 k - a scroll of enchant weapon {unknown}
 m - a scroll of immolation {unknown}
 n - 3 scrolls of identify {unknown}


   Skills:
 + Level 3.8 Fighting
 * Level 3.8 Maces & Flails
 + Level 2.5 Armour
 + Level 2.6 Dodging


You had 4 spell levels left.
You didn't know any spells.
Your spell library was empty.

Dungeon Overview and Level Annotations

Branches:
Dungeon (4/15)
 Temple: D:4-7

Altars:


Innate Abilities, Weirdness & Mutations

You do not eat or drink.
Your flesh is vulnerable to fire.
You are immune to poison.
Your flesh is cold resistant. (rC+)
You are immune to negative energy. (rN+++)
You are immune to unholy pain and torment.
You can survive without breathing.


Message History

Throwing (i - inventory. (/) - cycle)
e - 16 poisoned darts (quivered)
Press: ? - help, Shift-Dir - straight line, f - you, p - ogre
Okay, then.
Unknown command.
There is an open door here.
The ogre shouts!
The ogre shouts!
The ogre hits you with a +0 giant club!!
Ouch! That really hurt!
There is a stone staircase leading up here.
The ogre barely misses you.
You climb upwards.
There is a stone staircase leading down here.
The ogre closely misses you. The ogre closely misses you.
As you read the scroll labeled QICIOM CAOME, it crumbles to dust.
You feel blessed for a moment.
It was a scroll of remove curse.
The ogre hits you with a +0 giant club!!
Ouch! That really hurt!
You die...

..#......# #.............# #
..#......# #.............# #
'##......# #.............# #
.##......# #.............# #
)##......##################### #
.##............# #
.##............# #
.###...........###### .#
#............@...# .#
#............O...#
.###................#########
...'........................#
####................>....##.#####
.............#######......#.##...
############'## #.......%.#.##
#.........# ##'#'#.####.#.
#####.........#######.#.#...##.#+


You could see a neutral ogre (fast, strong, insane).

Vanquished Creatures
  Blork the orc (D:4)
  Terence (D:2)
  4 adders
  An ooze (D:1)
  2 worms
  4 dart slugs (D:1)
  3 leopard geckos
  An orc (D:4)
  7 giant cockroaches
  7 goblins
  6 hobgoblins
  8 jackals
  A ball python (D:1)
  5 bats
  4 frilled lizards
  6 kobolds
  8 rats
69 creatures vanquished.

Notes
Turn   | Place    | Note
-------+----------+-------------------------------------------
     0 | D:1      | Nixze the Mummy Berserker began the quest for the Orb.
     0 | D:1      | Reached XP level 1. HP: 18/18 MP: 1/1
   306 | D:1      | Reached XP level 2. HP: 24/24 MP: 2/2
   753 | D:1      | Reached XP level 3. HP: 29/29 MP: 3/3
  1131 | D:1      | Reached ** piety under Trog
  1335 | D:2      | Noticed Terence
  1363 | D:2      | Killed Terence
  1363 | D:2      | Reached XP level 4. HP: 17/35 MP: 4/4
  3232 | D:4      | Noticed Blork the orc
  3254 | D:4      | Killed Blork the orc
  3254 | D:4      | Reached XP level 5. HP: 38/42 MP: 5/5
  3377 | D:4      | Noticed an ogre
  3395 | D:3      | Slain by an ogre

Illustrated notes

Levels and vault maps discovered:
D:1:      psy_arrival_whirlpool, layout_rooms, minmay_tall_x
D:2:      layout_loops_ring, minmay_ruptured, uniq_terence
D:3:      layout_basic, first_ration
D:4:      layout_gridville, nicolae_ru_path_of_blood,
          kennysheep_decorative_pillar, uniq_blork_the_orc

Skill      XL: |  1  2  3 |
---------------+----------+-----
Armour         | 2 |  2.5
Dodging        | 2 |  2.6
Maces & Flails | 3 |  3.8
Fighting       | |  3.8

Action                   |  1- 3 |  4- 6 || total
-------------------------+-------+-------++-------
Melee: Mace              |   113 |       ||   113
       Flail             |       |   106 ||   106
Throw: Stone             |    67 |    63 ||   130
       Dart              |       |     7 ||     7
       Boomerang         |       |     5 ||     5
  Use: Scroll            |       |     1 ||     1
Armor: Animal skin       |     4 |       ||     4
       Chain mail        |    47 |    77 ||   124
Dodge: Dodged            |    54 |    46 ||   100

Table legend:
 A = Non-vault XP
 B = Vault XP
 C = Vault XP percentage of total XP
 D = Non-vault monster count
 E = Vault monster count
 F = Vault count percentage of total count
                 A         B        C        D         E       F
            +---------+---------+-------+---------+---------+-------
      Total |     164 |     140 |  46.1 |      61 |       8 |  11.6
            +---------+---------+-------+---------+---------+-------
        D:1 |      52 |      10 |  16.1 |      26 |       4 |  13.3
        D:2 |      54 |      43 |  44.3 |      19 |       3 |  13.6
        D:3 |      34 |       0 |   0.0 |      12 |       0 |   0.0
        D:4 |      24 |      87 |  78.4 |       4 |       1 |  20.0
            +---------+---------+-------+---------+---------+-------
